 Dungeon Crawl Stone Soup version 0.31-a0-981-geadf994542 (webtiles) character file.

Game seed: 13447534031236688448

760 Gladio the Chopper (level 7, -1/68 HPs)
             Began as a Naga Fighter on Nov 1, 2023.
             Killed from afar by an orc wizard (3 damage)
             ... with a magic dart
             ... on level 4 of the Dungeon.
             The game lasted 00:07:54 (4175 turns).

Gladio the Chopper (Naga Fighter)                   Turns: 4175, Time: 00:07:54

Health: -1/68      AC: 11    Str: 20    XL:     7   Next: 80%
Magic:  7/7        EV:  5    Int:  8    God:
Gold:   192        SH:  4    Dex: 11    Spells: 6/6 levels left

rFire   + . .        C - +0 demon blade (flame)
rCold   + . .        c - +0 buckler
rNeg    . . .        g - +0 chain mail
rPois   +            l - +2 helmet
rElec   .            r - +0 cloak
rCorr   .            (no gloves)
SInv    +            (no barding)
Will    .....        n - amulet of faith Stlth
                     j - ring of protection from fire
HPRegen 0.31/turn    s - ring of protection from cold
MPRegen 0.10/turn

%: faith
@: on berserk cooldown, slowed, very slow
A: AC +2, large, see invisible, deformed body, poison resistance, slowness 2,
spit poison 1, naga tail 1
a: Spit Poison


You were on level 4 of the Dungeon.
You visited 1 branch of the dungeon, and saw 4 of its levels.
You also visited: Sewer.

You collected 192 gold pieces.

Inventory:

Hand Weapons
 a - a +0 war axe
 C - a +0 demon blade of flaming (weapon)
Missiles
 m - 14 poisoned darts
Armour
 b - a +0 scale mail
 c - a +0 buckler (worn)
 g - a +0 chain mail (worn)
 l - a +2 helmet (worn)
 r - a +0 cloak (worn)
Jewellery
 j - a ring of protection from fire (left hand)
 n - an amulet of faith (around neck)
 s - a ring of protection from cold (right hand)
Wands
 u - a wand of paralysis (1)
Scrolls
 e - a scroll of poison {unknown}
 f - 3 scrolls of enchant armour
 h - 2 scrolls of teleportation
 k - a scroll of fog {unknown}
 o - a scroll of revelation {unknown}
 x - 2 scrolls of blinking {unknown}
 y - a scroll of fear {unknown}
 B - a scroll of vulnerability {unknown}
Potions
 d - a potion of might
 i - 2 potions of curing {unknown}
 q - a potion of mutation {unknown}
 t - a potion of brilliance
 v - 2 potions of heal wounds {unknown}
 w - a potion of haste {unknown}
 z - 2 potions of resistance
 A - a potion of enlightenment {unknown}
 D - a potion of attraction {unknown}


   Skills:
 + Level 5.6 Fighting
 * Level 3.1 Long Blades
 - Level 6.2 Axes
 - Level 2.4 Armour
 - Level 2.6 Shields


You had 6 spell levels left.
You didn't know any spells.
Your spell library contained the following spells:

 Spells                   Type           Power      Damage    Failure   Level
 Call Canine Familiar     Summ           0%         N/A       100%        3
 Dazzling Flash           Conj/Hex       0%         N/A       100%        3
 Frozen Ramparts          Ice            0%         1d1       100%        3
 Ozocubu's Armour         Ice            0%         N/A       100%        3
 Sigil of Binding         Hex            0%         N/A       100%        3
 Volatile Blastmotes      Fire/Tloc      0%         2d10      100%        3
 Dimensional Bullseye     Hex/Tloc       0%         N/A       100%        4
 Leda's Liquefaction      Hex/Erth       0%         N/A       100%        4
 Petrify                  Tmut/Erth      0%         N/A       100%        4
 Metabolic Englaciation   Hex/Ice        0%         N/A       100%        5
 Simulacrum               Ice/Necr       0%         N/A       100%        6
 Starburst                Conj/Fire      0%         6d3       100%        6
 Maxwell's Capacitive Co  Air            0%         ∞         100%        8


Dungeon Overview and Level Annotations

Branches:
Dungeon (4/15)              Sewer (visited)
 Temple: D:4-7

Altars:


Innate Abilities, Weirdness & Mutations

Your serpentine skin is tough. (AC +2)
You have supernaturally acute eyesight. (SInv)
Armour fits poorly on your strangely shaped body.
Your system is resistant to poisons. (rPois)
You cover ground very slowly.
You can spit poison.
You have a snake-like lower body.


Message History

The orc warrior hits you with a +0 war axe.
You barely miss the orc warrior. You slash the orc warrior!
You burn the orc warrior.
The orc warrior is moderately wounded.
The orc warrior hits you with a +0 war axe!
You closely miss the orc warrior.
The orc warrior is moderately wounded.
The orc warrior hits you with a +0 war axe.
* * * LOW HITPOINT WARNING * * *
You closely miss the orc warrior.
The orc warrior is moderately wounded.
The orc warrior hits you with a +0 war axe!
* * * LOW HITPOINT WARNING * * *
You hit the orc warrior but do no damage.
The orc warrior is moderately wounded.
The orc warrior hits you with a +0 war axe!
* * * LOW HITPOINT WARNING * * *
You slash the orc warrior! You burn the orc warrior.
You kill the orc warrior!
Your Long Blades skill increases to level 3!
You hit the orc priest but do no damage.
The orc priest is heavily wounded.
You block the orc priest's attack.
You hit the orc priest. You burn the orc priest.
The orc priest is severely wounded.
You slash the orc priest! You burn the orc priest.
You kill the orc priest!
The orc wizard points at you and mumbles some strange words.
The magic dart hits you.
* * * LOW HITPOINT WARNING * * *
You are no longer berserk.
You are exhausted.
You feel yourself slow down.
The orc wizard hits you but does no damage.
Items here: )) [[.
You hit the orc wizard. You burn the orc wizard.
The orc wizard is moderately wounded.
The orc wizard points at you and mumbles some strange words.
The magic dart hits you.
You die...

........#.##
.........##
.........#
.........#
#.......## ###.###.#
## ### # #..# ..
.....######## ##.##
..
......oo@...####..##
..
######o####.#......#
.. ... ##........#
.. #...o #.........#
.. #..#o #.........#
.. ..8..o
#.........# .. ##.#
.. #..........# ..
#. .. #...........#
.. ##...>.......#..


You could see an orc wizard (invisible) and 2 orcs.

Vanquished Creatures
  Sigmund (D:4)
  Pargi (Sewer)
  An ogre (D:4)
  An orc warrior (D:4)
  An orc priest (D:4)
  Crazy Yiuf (D:2)
  An iguana (D:4)
  Robin (D:2)
  12 adders
  A river rat (D:3)
  2 ufetubi (D:3)
  3 worms
  A dart slug (D:2)
  3 orcs
  9 ball pythons
  11 endoplasms
  8 giant cockroaches
  7 hobgoblins
  A jackal (D:1)
  3 quokkas (D:3)
  5 bats
  10 frilled lizards
  15 goblins
  8 kobolds
  9 rats
116 creatures vanquished.

Notes
Turn   | Place    | Note
-------+----------+-------------------------------------------
     0 | D:1      | Gladio the Naga Fighter began the quest for the Orb.
     0 | D:1      | Reached XP level 1. HP: 21/21 MP: 1/1
    92 | D:1      | Reached XP level 2. HP: 28/28 MP: 2/2
   450 | D:1      | Reached skill level 3 in Axes
   456 | D:1      | Reached XP level 3. HP: 26/34 MP: 3/3
   546 | D:1      | You fall into a shaft and drop 1 floor!
   672 | D:2      | Reached XP level 4. HP: 36/43 MP: 4/4
   823 | D:1      | Found a faded altar of an unknown god.
  1113 | D:2      | Noticed Robin
  1124 | D:2      | Killed Robin
  1141 | D:2      | Reached skill level 4 in Axes
  1318 | D:2      | Found a runed translucent door.
  1319 | D:2      | Noticed Crazy Yiuf
  1772 | D:2      | Killed Crazy Yiuf
  1773 | D:2      | Reached XP level 5. HP: 29/50 MP: 5/5
  2217 | D:3      | Found a glowing drain.
  2246 | Sewer    | Entered a sewer
  2333 | Sewer    | Noticed Pargi
  2349 | Sewer    | Killed Pargi
  2350 | Sewer    | Reached skill level 5 in Axes
  2350 | Sewer    | Reached XP level 6. HP: 31/58 MP: 6/6
  3829 | D:4      | Reached skill level 5 in Fighting
  3829 | D:4      | Reached skill level 6 in Axes
  3829 | D:4      | Reached XP level 7. HP: 67/67 MP: 7/7
  3860 | D:4      | Noticed Sigmund
  3890 | D:4      | Killed Sigmund
  4173 | D:4      | HP: 2/100 [orc wizard/magic dart (6)]
  4175 | D:4      | Killed from afar by an orc wizard

Illustrated notes

Levels and vault maps discovered:
D:1:      ebering_hopf_link, layout_loops_cross,
          hellmonk_ecumenical_altar_inner_sanctum, minmay_hexomino_c4
D:2:      layout_basic, uniq_robin, uniq_crazy_yiuf_cottage
D:3:      layout_basic, gup_sewer_entry_spiral, serial_rivers,
          chequers_serial_rivers_large_a, chequers_serial_rivers_micro_e,
          chequers_serial_rivers_room_b, chequers_serial_rivers_micro_d,
          chequers_serial_rivers_micro_b, grunt_ministairs_11, st_stairs_14,
          minmay_snake_closets
D:4:      layout_cave_pods, corexii_item_surrounded_by_moat,
          guppyfry_early_orc_mine, uniq_sigmund

Skill      XL: |  1  2  3  4  5  6  7 |
---------------+----------------------+-----
Axes           | 3 4 5 6 |  6.2
Fighting       | 4 5 |  5.6
Long Blades    | 3 |  3.1
Armour         | |  2.4
Shields        | |  2.6

Action                     |  1- 3 |  4- 6 |  7- 9 || total
---------------------------+-------+-------+-------++-------
  Melee: War axe           |    77 |   211 |       ||   288
         Demon blade       |       |       |    52 ||    52
  Throw: Dart              |       |     2 |       ||     2
         Throwing net      |       |     1 |       ||     1
Ability: Spit Poison       |    14 |    27 |     2 ||    43
    Use: Scroll            |       |     5 |       ||     5
         Potion            |       |       |     2 ||     2
 Armour: Scale mail        |     7 |       |       ||     7
         Chain mail        |    73 |   230 |    61 ||   364
  Dodge: Dodged            |    25 |    65 |    15 ||   105
  Block: Buckler           |    16 |    52 |    11 ||    79

Table legend: (Time is in decaauts)
 A = Elapsed time spent in this place.
 B = Non-inter-level travel time spent in this place.
 C = Inter-level travel time spent in this place.
 D = Time resting spent in this place.
 E = Time spent auto-exploring this place.
 F = Levels seen in this place.
 G = Mean time per level.
                   A        B        C        D        E       F      G
               +--------+--------+--------+--------+--------+-----+--------+
         Total |   5378 |   5040 |    338 |      0 |   4128 |   5 | 1075.6 |
       Dungeon |   5004 |   4666 |    338 |      0 |   3859 |   4 | 1251.0 |
         Sewer |    374 |    374 |      0 |      0 |    269 |   1 |  374.0 |
               +--------+--------+--------+--------+--------+-----+--------+

Top non-repeatable levels by time:
     D:3: 1935 daAuts
     D:2: 1276 daAuts
     D:1: 1185 daAuts
     D:4: 606 daAuts
   Sewer: 374 daAuts
